 Dungeon Crawl Stone Soup version 0.30-a0-743-gbfdf073431 (webtiles) character file.

Game seed: 6447716326754932709

5574 jimonade the Thaumaturge (level 11, -3/73 HPs)
             Began as a Djinni Hedge Wizard on Feb 5, 2023.
             Was a Follower of Ashenzari.
             Slain by an orange demon (5 damage)
             ... led by Amaemon
             ... on level 9 of the Dungeon.
             The game lasted 00:34:59 (11931 turns).

jimonade the Thaumaturge (Djinni Hedge Wizard)     Turns: 11931, Time: 00:35:00

Health: -3/73      AC:  9    Str: 11    XL:     11   Next: 2%
Gold:   493        EV: 11    Int: 17    God:    Ashenzari [*.....] SH:  0 Dex: 14

rFire   + + +      SeeInvis .    a - +4 trident (freeze)
rCold   . . .      Faith    .    (no shield)
rNeg    . . .      Spirit   .    H - +1 ring mail {rC+}
rPois   ∞          Reflect  .    h - +0 helmet of Ouranomancy {Melee, Fort} (curse)
rElec   .          Harm     .    (no cloak)
rCorr   .          Rampage  .    G - +0 pair of gloves "Bound Together" {Melee, Fort} (curse)
Will    +....                    (boots unavailable)
Stlth   +                        (no amulet)
HPRegen 0.32/turn                i - ring of protection from fire
MPRegen 0.00/turn                (no ring)

@: flying
A: sickness immunity, fire resistance 2, cold vulnerability 1, float, innate
caster, HP casting, extra vitality 1
a: Renounce Religion, Curse Item, Shatter the Chains


You were on level 9 of the Dungeon.
You worshipped Ashenzari.
Ashenzari was aware of your devotion.
You visited 2 branches of the dungeon, and saw 10 of its levels.
You also visited: Bailey.

You collected 493 gold pieces.

Inventory:

Hand Weapons
 a - a +4 trident of freezing (weapon)
 g - a +0 dagger
 t - a +0 sling
 A - a +2 dagger of protection
 E - a +1 dagger of speed
 O - a +0 demon trident
 T - a +4 short sword of draining
Missiles
 x - 12 poisoned darts
Armour
 b - a +0 robe
 c - a +0 hat
 h - the cursed +0 helmet of Ouranomancy (worn) {Melee, Fort}
   (You found it on level 1 of the Dungeon)

   It has a curse which improves the following skills: Melee Combat: Short
   Blades, Long Blades, Axes, Maces & Flails, Polearms, Staves and Unarmed
   Combat.
   Fortitude: Armour and Shields.
 D - a +0 chain mail
 G - the cursed +0 pair of gloves "Bound Together" (worn) {Melee, Fort}
   (You found it on level 4 of the Dungeon)

   It has a curse which improves the following skills: Melee Combat: Short
   Blades, Long Blades, Axes, Maces & Flails, Polearms, Staves and Unarmed
   Combat.
   Fortitude: Armour and Shields.
 H - a +1 ring mail of cold resistance (worn)
 U - a +2 leather armour of willpower
Jewellery
 i - a ring of protection from fire (left hand)
 q - an amulet of reflection
 z - a ring of ice
Wands
 I - a wand of flame (6)
 J - a wand of digging (5)
 N - a wand of roots (8)
 S - a wand of polymorph (3)
Scrolls
 d - a scroll of enchant armour
 j - a scroll of vulnerability
 l - 3 scrolls of fear
 m - 4 scrolls of fog
 o - a scroll of silence
 p - 9 scrolls of identify
 u - 2 scrolls of enchant weapon
 v - a scroll of poison
 w - a scroll of butterflies
 F - a scroll of brand weapon
 L - a scroll of acquirement
 Q - a scroll of blinking
Potions
 e - 8 potions of curing
 f - a potion of heal wounds
 k - 3 potions of might
 n - 3 potions of mutation
 r - 2 potions of brilliance
 s - a potion of invisibility
 K - a potion of attraction
 M - a potion of resistance
 P - a potion of haste
 R - a potion of berserk rage


   Skills:
 + Level 4.0 Fighting
 + Level 6.1(7.4) Polearms
 + Level 4.1(5.3) Armour
 + Level 3.8 Dodging
 - Level 1.5 Stealth
 * Level 9.6 Spellcasting


You had 7 spell levels left.
You knew the following spells:

 Your Spells              Type           Power      Damage    Failure   Level
a - Magic Dart            Conj           100%       1d8       1%          1
b - Slow                  Hex            100%       N/A       1%          1
c - Blink                 Tloc           82%        N/A       1%          2
d - Call Imp              Summ           41%        N/A       1%          2
e - Mephitic Cloud        Conj/Pois/Air  41%        N/A       1%          3
f - Necrotise             Necr           100%       1d9       1%          1
g - Wereblood             Tmut           41%        N/A       1%          2
h - Kindle Blastsparks    Fire/Tloc/Air  82%        2d16      1%          3
i - Confusing Touch       Hex            41%        N/A       1%          3
j - Petrify               Tmut/Erth      41%        N/A       3%          4
Your spell library was empty.

Dungeon Overview and Level Annotations

Branches:
Dungeon (9/15)             Temple (1/1) D:4          Bailey (visited)
   Lair: D:8-11         Orc: D:9-12

Altars:
Ashenzari
Cheibriados
Dithmenos
Elyvilon
Fedhas
Gozag
Hepliaklqana
Makhleb
Nemelex Xobeh
Okawaru
Qazlal
Ru
Trog
Uskayaw
Wu Jian
Xom
Yredelemnul
Zin
The Shining One

Shops:
D:2 =((   D:5 (

Annotations:
D:6 2 transporters, spacey5's ghost, novice MiFi
D:9 Amaemon


Innate Abilities, Weirdness & Mutations

You are immune to sickness and miasma.
You are immune to poison.
Your flesh is very heat resistant. (rF++)
You are vulnerable to cold. (rC-)
You float through the air rather than walking.
You learn spells naturally, not from books.
Your magical power is your life essence.
You have superior vitality. (+4 MHP)


Message History

Amaemon hits you but does no damage. Amaemon closely misses you.
Amaemon tail-slaps you but does no damage.
The orange demon stings you but does no damage.
You hit Amaemon but do no damage. You punch Amaemon.
Amaemon is lightly wounded.
Your crimson imp barely misses Amaemon.
Amaemon barely misses you. Amaemon claws you but does no damage.
Amaemon tail-slaps you.
* * * LOW HITPOINT WARNING * * *
The orange demon closely misses you.
You hit Amaemon but do no damage.
Amaemon is lightly wounded.
Your crimson imp barely misses Amaemon.
Amaemon gestures wildly while chanting.
The orange demon completely misses you.
You hit Amaemon but do no damage.
Amaemon appears confused.
Amaemon is lightly wounded.
Your crimson imp hits Amaemon.
Amaemon closely misses you. Amaemon misses you. Amaemon closely misses you.
The orange demon misses you. The scorpion stings your crimson imp.
Your crimson imp is poisoned.
The scorpion poisons your crimson imp!
You catch the helpless Amaemon completely off-guard!
You puncture Amaemon! You freeze Amaemon.
Amaemon is lightly wounded.
Your crimson imp hits the scorpion but does no damage.
Amaemon hits the orange demon with a +1 demon whip of venom!!
The orange demon looks as sick as possible!
Amaemon claws the orange demon.
Amaemon tail-slaps the orange demon.
The orange demon stings your crimson imp!
Your crimson imp dies!
Your crimson imp disappears in a puff of smoke!
The orange demon screeches!
You hit Amaemon. You freeze Amaemon.
Amaemon is moderately wounded.
Amaemon hits the scorpion with a +1 demon whip of venom!
Amaemon claws the scorpion!
Amaemon tail-slaps the scorpion.
The scorpion is killed!
The scorpion's corpse disappears in a puff of smoke!
The orange demon stings you from afar.
You die...

###########
#.........##########
#.#######.......@6§#
#.# ##########4s....
#.# ..... #.# ##
#### #.# .. #.# .#
#.# .# #.##.# >....#


You could see Amaemon (confused), an orange demon (extremely poisoned) and a
scorpion (summoned).

Vanquished Creatures
  Pikel (D:7)
  A shadow (D:9)
  7 yaks
  A steam dragon (D:8)
  Menkaure (D:7)
  2 ice beasts
  2 sky beasts (D:7)
  3 orc warriors
  A black bear (D:6)
  3 ogres
  A centaur (D:5)
  3 lemures
  4 bullfrogs
  2 necrophages (D:4)
  2 gnoll sergeants
  2 scorpions
  Dowan (D:7)
  2 killer bees (D:6)
  2 electric eels (Bailey)
  6 hounds
  2 gnoll boudas
  2 jellies
  5 orc priests
  Natasha (thrice) (D:4)
  3 iguanas (D:5)
  6 orc wizards
  16 gnolls
  6 adders
  An ufetubus (D:4)
  A worm (D:5)
  4 dart slugs
  15 orcs
  A bat (D:1)
  3 endoplasms
  2 giant cockroaches (D:2)
  8 goblins
  4 hobgoblins
  3 jackals (D:1)
  A kobold (D:1)
  4 quokkas
  5 ball pythons
  5 frilled lizards (D:5)
  4 rats
  A spectral goblin (D:5)
152 creatures vanquished.

Vanquished Creatures (collateral kills)
  A yak (D:9)
  Duvessa (D:7)
  A lemure (D:6)
  A centaur (D:8)
  A gnoll sergeant (D:7)
  A killer bee (D:6)
  A hound (D:7)
  2 jellies (D:5)
  An orc wizard (D:7)
  4 adders
  8 gnolls
  10 orcs
  3 ball pythons
  A bat (D:2)
  2 endoplasms
  5 goblins
  3 hobgoblins (D:3)
  3 quokkas
  6 frilled lizards
  A kobold (D:4)
  2 rats (D:2)
58 creatures vanquished.

Vanquished Creatures (others)
  An orc (D:8)
  5 plants (D:5)
6 creatures vanquished.

Grand Total: 216 creatures vanquished

Notes
Turn   | Place    | Note
-------+----------+-------------------------------------------
     0 | D:1      | jimonade the Djinni Hedge Wizard began the quest for the
                  | Orb.
     0 | D:1      | jimonade set off with the following spells memorised: Magic
                  | Dart, Slow, Blink, Call Imp, Mephitic Cloud.
     0 | D:1      | Reached XP level 1. HP: 15/15 MP: 0/0
   158 | D:1      | Reached XP level 2. HP: 17/21 MP: 0/0
   333 | D:1      | Reached skill level 3 in Spellcasting
   593 | D:1      | Found a faded altar of an unknown god.
   682 | D:1      | Reached XP level 3. HP: 25/25 MP: 0/0
   682 | D:1      | Learned a level 1 spell: Necrotise
  1044 | D:2      | Found Akoset's Weapon Boutique.
  1125 | D:2      | Found Yxich's Weapon Emporium.
  1156 | D:2      | Reached XP level 4. HP: 31/31 MP: 0/0
  1259 | D:2      | Reached skill level 1 in Polearms
  1461 | D:2      | Found Fair's Jewellery Shop.
  1947 | D:3      | Found a sparkling altar of Nemelex Xobeh.
  1964 | D:3      | Reached XP level 5. HP: 32/35 MP: 0/0
  1964 | D:3      | Learned a level 2 spell: Wereblood
  2409 | D:3      | Reached skill level 4 in Spellcasting
  2600 | D:3      | Reached XP level 6. HP: 37/41 MP: 0/0
  2728 | D:3      | Found a snail-covered altar of Cheibriados.
  3289 | D:4      | Reached skill level 1 in Fighting
  3298 | D:4      | Noticed Natasha
  3416 | D:4      | Killed Natasha
  3423 | D:4      | Reached XP level 7. HP: 40/47 MP: 0/0
  3423 | D:4      | Learned a level 3 spell: Kindle Blastsparks
  3423 | D:4      | Noticed Natasha
  3425 | D:4      | Killed Natasha
  3481 | D:4      | Reached skill level 5 in Spellcasting
  3954 | D:4      | Noticed a +0 dagger
  3954 | D:4      | Noticed a +0 short sword
  3955 | D:4      | Noticed a +0 dagger
  3955 | D:4      | Noticed a +0 falchion
  3955 | D:4      | Noticed a +0 falchion
  3959 | D:4      | Noticed a +0 spear
  3961 | D:4      | Noticed a +0 spear
  3983 | D:4      | Found a hide-covered altar of Uskayaw.
  3986 | D:4      | Noticed a +0 short sword
  3999 | D:4      | Found a staircase to the Ecumenical Temple.
  4010 | Temple   | Entered the Ecumenical Temple
  4053 | Temple   | Became a worshipper of Ashenzari the Shackled
  4791 | D:5      | Entered Level 5 of the Dungeon
  4846 | D:5      | Reached XP level 8. HP: 42/52 MP: 0/0
  4856 | D:4      | Noticed Natasha
  4867 | D:4      | Killed Natasha
  4987 | D:5      | Reached skill level 6 in Spellcasting
  5553 | D:5      | Found an ornate altar of the Wu Jian Council.
  5836 | D:5      | Reached skill level 1 in Armour
  6015 | D:5      | Found a hazy altar of Hepliaklqana.
  6190 | D:5      | Found Ijodgh's Antique Weapon Boutique.
  6360 | D:6      | Reached XP level 9. HP: 52/58 MP: 0/0
  6360 | D:6      | Learned a level 3 spell: Confusing Touch
  6461 | D:6      | Reached skill level 7 in Spellcasting
  6600 | D:6      | Identified the +1 scale mail "Ydoic" {rPois}
  6688 | D:6      | Found a shadowy altar of Dithmenos.
  6702 | D:6      | Found a transporter.
  6702 | D:6      | Noticed spacey5's ghost (novice MiFi)
  6704 | D:6      | Found a transporter.
  6705 | D:6      | Noticed a hornet
  6709 | D:6      | Noticed a queen bee
  7081 | D:6      | Found a sacrificial altar of Ru.
  7082 | D:6      | Found a glowing silver altar of Zin.
  7083 | D:6      | Found a white marble altar of Elyvilon.
  7707 | D:7      | Noticed Duvessa
  7707 | D:7      | Noticed Dowan
  7718 | D:7      | Noticed Pikel
  7721 | D:7      | Killed Duvessa
  8059 | D:7      | Killed Dowan
  8225 | D:7      | Killed Pikel
  8226 | D:7      | Reached skill level 5 in Polearms
  8226 | D:7      | Reached skill level 8 in Spellcasting
  8226 | D:7      | Reached XP level 10. HP: 34/67 MP: 0/0
  8741 | D:7      | Noticed Menkaure
  8754 | D:7      | Killed Menkaure
  9503 | D:8      | Reached * piety under Ashenzari
  9503 | D:8      | Identified a scroll of acquirement
  9594 | D:8      | Found a flagged portal.
  9633 | Bailey   | Entered a bailey
  9987 | Bailey   | Reached skill level 9 in Spellcasting
 10008 | Bailey   | Noticed a kobold demonologist
 10313 | Bailey   | Noticed an orc knight
 11671 | D:9      | Reached XP level 11. HP: 15/73 MP: 0/0
 11671 | D:9      | Learned a level 4 spell: Petrify
 11917 | D:9      | Noticed Amaemon
 11927 | D:9      | HP: 1/73 [Amaemon/+1 demon whip of venom (6)]
 11931 | D:9      | Slain by an orange demon

Illustrated notes

Levels and vault maps discovered:
D:1:      giann_wishing_wells, layout_loops_ring,
          dreamdust_ecumenical_altar_angels_and_demons, minmay_tiny_reverse_x
D:2:      layout_basic, serial_shops, nicolae_shop_stone, shop, shop
D:3:      layout_basic, lemuel_tele_altar, nicolae_overflow_crystal_walls,
          minmay_randomly_rotated_circles
D:4:      layout_basic, nicolae_uskayaw_en_pointe,
          minmay_temple_entry_antechambers, nicolae_ossuary_entry_plus,
          amcnicky_mini_corridor_feature, kennysheep_small_square, uniq_natasha
D:5:      layout_basic, mainiacjoe_overflow_tiny_flanked,
          nicolae_hepliaklqana_monster_ancestors, nicolae_stop_n_shop_2,
          minmay_lizard_king
D:6:      layout_basic, mainiacjoe_overflow_alcove_3, gammafunk_ghost_hive,
          hangedman_decor_riveting
D:7:      layout_layer_cave, uniq_menkaure, uniq_duvessa, uniq_pikel
D:8:      layout_loops_ring, enter_bailey_8
D:9:      layout_loops_ring, serial_shops, nicolae_shop_crystal,
          kennysheep_small_spiral, uniq_amaemon
Temple:   jpeg_temple_alley_garden

Skill      XL: |  1  2  3  4  5  6  7  8  9 10 |
---------------+-------------------------------+-----
Spellcasting   | 3 4 5 6 8 9 |  9.6
Polearms       | 1 2 3 5 6 |  6.1
Fighting       | 1 2 3 4 |  4.0
Dodging        | 3 |  3.8
Armour         | 1 3 4 |  4.1
Stealth        | |  1.5

Action                     |  1- 3 |  4- 6 |  7- 9 | 10-12 || total
---------------------------+-------+-------+-------+-------++-------
  Melee: Demon trident     |    39 |    81 |   166 |       ||   286
         Punch             |       |     1 |     3 |     2 ||     6
         Trident           |       |       |    41 |   163 ||   204
   Cast: Magic Dart        |    11 |    10 |    25 |     1 ||    47
         Call Imp          |    16 |    31 |    49 |    27 ||   123
         Mephitic Cloud    |       |     7 |    48 |    15 ||    70
         Slow              |       |     3 |       |     1 ||     4
         Kindle Blastspark |       |       |    22 |    12 ||    34
         Confusing Touch   |       |       |       |    11 ||    11
         Petrify           |       |       |       |     1 ||     1
 Invoke: Curse Item        |       |       |     1 |     1 ||     2
  Evoke: Wand              |       |       |       |     1 ||     1
    Use: Scroll            |       |       |       |     2 ||     2
         Potion            |       |       |       |     2 ||     2
   Stab: Sleeping          |     2 |     1 |       |       ||     3
         Distracted        |     1 |       |     4 |     3 ||     8
         Confused          |       |     2 |    20 |    19 ||    41
 Armour: Robe              |     4 |    12 |     5 |       ||    21
         Ring mail         |       |       |    33 |    25 ||    58
  Dodge: Dodged            |    15 |    37 |    91 |    56 ||   199

Table legend: (Time is in decaauts)
 A = Elapsed time spent in this place.
 B = Non-inter-level travel time spent in this place.
 C = Inter-level travel time spent in this place.
 D = Time resting spent in this place.
 E = Time spent auto-exploring this place.
 F = Levels seen in this place.
 G = Mean time per level.
                   A        B        C        D        E       F      G
               +--------+--------+--------+--------+--------+-----+--------+
         Total |  11996 |  11691 |    305 |   2463 |   6902 |  11 | 1090.5 |
       Dungeon |  11101 |  10803 |    298 |   2030 |   6688 |   9 | 1233.4 |
        Temple |    211 |    204 |      7 |      0 |    191 |   1 |  211.0 |
        Bailey |    683 |    683 |      0 |    433 |     23 |   1 |  683.0 |
               +--------+--------+--------+--------+--------+-----+--------+

Top non-repeatable levels by time:
     D:7: 2058 daAuts
     D:3: 1463 daAuts
     D:2: 1339 daAuts
     D:6: 1334 daAuts
     D:4: 1313 daAuts
     D:5: 1239 daAuts
     D:8: 1114 daAuts
     D:1: 808 daAuts
  Bailey: 683 daAuts
     D:9: 427 daAuts
  Temple: 211 daAuts
